Map: Emerald City LE

Players

DosenRavioli

  • Race: Terran Terran
  • League: Platinum
  • Spawn Location: 5:00

WaRCrY

  • Race: Protoss Protoss
  • League: Diamond
  • Spawn Location: 5:00

Massa - Winner!

  • Race: Terran Terran
  • League: Platinum
  • Spawn Location: 11:00

qqq - Winner!

  • Race: Protoss Protoss
  • Spawn Location: 11:00

VOD

Have the link to the VOD?

Description

Time

  • Played on: Nov. 6, 2020, 3:28 p.m.
  • Length: 1:49
Show
View Real Time Build Order
Export as new Build Order

DosenRavioli Terran 

Build Orders:  

Get SALT Encoding   

  12  0:07  SCV  
  13  0:21  SCV  
  13  0:24  Refinery  
  14  0:40  SCV  
Show
View Real Time Build Order
Export as new Build Order

WaRCrY Protoss 

Build Orders: 1 Gate Expand, Nexus First 

Get SALT Encoding   

  12  0:02  Probe  
  13  0:14  Probe  
  13  0:19  Pylon  
  14  0:26  Probe  
  15  0:37  Gateway  
  15  0:42  Probe  
  16  0:47  Nexus  
  16  0:57  Probe  
  16  0:59  Assimilator  
  17  1:09  Probe  
  17  1:10  Pylon  
  18  1:25  Zealot (Chrono Boost)  
Show
View Real Time Build Order
Export as new Build Order

Massa Terran - Winner!

Build Orders:  

Get SALT Encoding   

  12  0:03  SCV  
  13  0:15  SCV  
  14  0:26  Supply Depot  
  14  0:27  SCV  
  15  0:31  Refinery  
  15  0:48  Refinery, SCV  
  16  0:51  Barracks  
  16  1:10  Barracks  
  16  1:14  SCV  
  17  1:26  SCV  
  18  1:38  Supply Depot  
Show
View Real Time Build Order
Export as new Build Order

qqq Protoss - Winner!

Build Orders: Cannon Rush 

Get SALT Encoding   

  12  0:03  Probe  
  13  0:15  Probe  
  13  0:17  Pylon  
  14  0:27  Probe  
  15  0:36  Forge  
  15  0:42  Probe  
  16  0:54  Probe  
  17  1:03  Pylon  
  17  1:06  Probe  
  17  1:10  Pylon  
  18  1:15  Pylon  
  17  1:30  Photon Cannon  
  17  1:37  Photon Cannon  
  17  1:46  Photon Cannon  
Tags
 
Add a new tag
Caveats
  • Supply blocks, unpowered buildings, or Contaminate may cause inaccurate times.
  • Supply counts are checked every 10 seconds.